 Dungeon Crawl Stone Soup version 0.23-a0-269-g65e0026 (console) character file.

223 bli the Sneak (level 6, 0/42 HPs)
             Began as an Octopode Assassin on Sept 29, 2018.
             Slain by a bat (1 damage)
             ... on level 3 of the Dungeon on Sept 30, 2018.
             The game lasted 00:14:51 (3638 turns).

bli the Sneak (Octopode Assassin)                   Turns: 3638, Time: 00:14:52

Health: 0/42       AC:  1    Str: 11    XL:     6   Next: 0%
Magic:  6/6        EV: 13    Int: 13    God:
Gold:   161        SH:  0    Dex: 15    Spells: 5/5 levels left

rFire    . . .     SeeInvis .   j - -3 hunting sling (curse)
rCold    . . .     Gourm    .   (no shield)
rNeg     . . .     Faith    .   (helmet restricted)
rPois    .         Spirit   .   (no amulet)
rElec    .         Reflect  .   (no ring)
rCorr    .         Harm     .   (no ring)
MR       .....                  (no ring)
Stlth    +++++.....             (no ring)
HPRegen  0.14/turn              (no ring)
MPRegen  0.10/turn              (no ring)
                                (no ring)
                                (no ring)

@: hasted, very quick
A: almost no armour, stealthy swim, amphibious, 8 rings, constrict 8, camouflage
1, gelatinous body 1
a: no special abilities


You were on level 3 of the Dungeon.
You were not hungry.

You visited 1 branch of the dungeon, and saw 3 of its levels.

You collected 161 gold pieces.

Inventory:

Hand Weapons
 a - a +2 dagger
 b - a +0 blowgun
 e - a +0 hunting sling
 i - a cursed -2 whip
 j - a cursed -3 hunting sling (weapon)
 r - a +1 vampiric short sword
Missiles
 c - 8 poisoned needles
 d - 2 curare-tipped needles
 m - 2 poisoned tomahawks
 p - 101 stones (quivered)
 t - 2 tomahawks of returning
 u - 22 arrows
 w - 30 sling bullets
Scrolls
 g - a scroll of random uselessness
 h - a scroll of blinking
 l - a scroll of identify
 o - a scroll of teleportation
Potions
 k - a potion of haste
 n - a potion of curing {unknown}
 q - a potion of resistance {unknown}
 v - a potion of magic {unknown}
 x - a potion of heal wounds {unknown}
Comestibles
 f - 6 rations


   Skills:
 + Level 3.1 Fighting
 * Level 3.1 Short Blades
 + Level 1.0(1.6) Slings
 + Level 2.0(2.1) Throwing
 * Level 1.9 Dodging
 + Level 7.6 Stealth


You had 5 spell levels left.
You didn't know any spells.
Your spell library contained the following spells:

 Spells                   Type           Power        Failure   Level  Hunger
 Freeze                   Ice            #...         30%         1    ##.....
 Throw Frost              Conj/Ice       #.....       43%         2    ###....
 Ozocubu's Armour         Chrm/Ice       #.......     67%         3    ####...
 Summon Ice Beast         Ice/Summ       #.......     97%         4    #####..
 Throw Icicle             Conj/Ice       #.......     97%         4    #####..


Dungeon Overview and Level Annotations

Branches:
Dungeon (3/15)

Altars:
Cheibriados
Makhleb


Innate Abilities, Weirdness & Mutations

You cannot wear most types of armour.
You are very stealthy in the water. (Stealth+)
You are amphibious.
You can wear up to eight rings at the same time.
You can use your tentacles to constrict eight enemies at once.
Your skin changes colour to match your surroundings (Stealth+).
Your rubbery body absorbs attacks. (AC +1, EV +1)


Message History

You clumsily bash the bat but do no damage.
Your grab misses the bat. The bat hits you.
* * * LOW HITPOINT WARNING * * *
The bat closely misses you.
You closely miss the goblin. You grab the goblin. You constrict the goblin.
The The goblin hits you with a club.
* * * LOW HITPOINT WARNING * * *
It was a potion of haste.
You feel yourself speed up.
You constrict the goblin.
You kill the goblin!
You have reached level 6!
Your experience leads to an increase in your attributes!
Increase (S)trength, (I)ntelligence, or (D)exterity?
Uppercase letters only, please.
You feel agile. The bat barely misses you.
Things that are here:
a club; a goblin corpse You clumsily bash the bat but do no damage.
You grab the bat. You constrict the bat. The bat barely misses you.
The bat You die...

.........####.......#######...###
.........'.......................
.........####....##.#####.###.###
#.......## ##......# #.# #.#
##.....## ###.#### #.###.###
##...## #.# ##...#... ##+## #.#
##.##รท## #g* #.# #.##.# #g* #.#
#.##.# ***#g** #.# #.##.#
,,,.g,** #@# ####.##.## ,*,..,,*
#b# #.......## ,**...##########g#
#.##.##)#. ,**,((.((().g....#
#.##...... ,,,,.#############
#.#####.#. ,,,..# #.#####.##
***#.# #.......## #.# #########
#.# #.# ####.### ###########


You could see a goblin and a bat.

Vanquished Creatures
  3 orc wizards
  Ijyb (D:3)
  Robin (D:3)
  2 worms (D:2)
  4 dart slugs
  2 leopard geckos (D:3)
  7 orcs
  3 giant cockroaches
  13 goblins
  8 hobgoblins
  8 jackals (D:1)
  9 kobolds
  A ball python (D:2)
  5 bats
  4 frilled lizards
  6 rats
77 creatures vanquished.

Notes
Turn   | Place    | Note
-------+----------+-------------------------------------------
     0 | D:1      | bli the Octopode Assassin began the quest for the Orb.
     0 | D:1      | Reached XP level 1. HP: 14/14 MP: 1/1
   140 | D:1      | Reached XP level 2. HP: 7/19 MP: 2/2
   356 | D:1      | Reached skill level 6 in Stealth
   838 | D:1      | Reached XP level 3. HP: 17/25 MP: 3/3
  1427 | D:2      | Reached XP level 4. HP: 24/30 MP: 4/4
  1611 | D:2      | Found a snail-covered altar of Cheibriados.
  1679 | D:2      | Found a burning altar of Makhleb.
  1984 | D:3      | Reached skill level 7 in Stealth
  2057 | D:3      | Reached XP level 5. HP: 19/36 MP: 5/5
  2890 | D:3      | Noticed Ijyb
  2916 | D:3      | Paralysed by Ijyb for 3 turns
  2922 | D:3      | Paralysed by Ijyb for 5 turns
  2930 | D:3      | Paralysed by Ijyb for 2 turns
  2937 | D:3      | Paralysed by Ijyb for 7 turns
  2944 | D:3      | Killed Ijyb
  3449 | D:3      | Upgraded the game from 0.23-a0-261-g133332c to
                  | 0.23-a0-269-g65e0026
  3598 | D:3      | Noticed Robin
  3615 | D:3      | Killed Robin
  3617 | D:3      | Reached skill level 1 in Slings
  3635 | D:3      | HP: 1/36 [goblin/club[Robin] (3)]
  3636 | D:3      | Reached XP level 6. HP: 1/42 MP: 6/6
  3638 | D:3      | Slain by a bat

Vault maps used:
D:1:      dpeg_arrival_court
D:2:      kennysheep_slug_shrine, first_ration, bloody_makhleb
D:3:      minmay_close_crescents, uniq_robin, uniq_ijyb

Skill      XL: |  1  2  3  4  5 |
---------------+----------------+-----
Stealth        | 6 7 |  7.6
Fighting       | 3 |  3.1
Short Blades   | 3 |  3.1
Slings         | 1 |  1.0
Throwing       | |  2.0
Dodging        | |  1.9

Action                   |  1- 3 |  4- 6 || total
-------------------------+-------+-------++-------
Melee: Dagger            |    64 |    49 ||   113
       Constrict         |    17 |    22 ||    39
       Tentacles         |    12 |    14 ||    26
       Hunting sling     |       |    33 ||    33
 Fire: Hunting sling     |       |    59 ||    59
Throw: Javelin           |       |     5 ||     5
  Use: Scroll            |       |     8 ||     8
       Potion            |       |     1 ||     1
 Stab: Sleeping          |     8 |    10 ||    18
       Distracted        |     1 |       ||     1
  Eat: Chunk             |     2 |     6 ||     8
Armor: Skin              |     3 |     9 ||    12
Dodge: Dodged            |    31 |    68 ||    99

Table legend:
 A = Non-vault XP
 B = Vault XP
 C = Vault XP percentage of total XP
 D = Non-vault monster count
 E = Vault monster count
 F = Vault count percentage of total count
                 A         B        C        D         E       F
            +---------+---------+-------+---------+---------+-------
      Total |     235 |      84 |  26.3 |      62 |      15 |  19.5
            +---------+---------+-------+---------+---------+-------
        D:1 |      39 |       0 |   0.0 |      21 |       0 |   0.0
        D:2 |      84 |       4 |   4.5 |      23 |       1 |   4.2
        D:3 |     112 |      80 |  41.7 |      18 |      14 |  43.8
            +---------+---------+-------+---------+---------+-------
